 Dungeon Crawl Stone Soup version 0.23.0-41-g86b089e62c (webtiles) character file.

Game seed: 10676615440036262526

588 Duke the Sneak (level 7, -7/44 HPs)
             Began as an Octopode Transmuter on Feb 28, 2019.
             Was an Initiate of Nemelex Xobeh.
             Mangled by an ice beast (13 damage)
             ... on level 4 of the Dungeon.
             The game lasted 00:33:41 (6465 turns).

Duke the Sneak (Octopode Transmuter)                Turns: 6465, Time: 00:33:53

Health: -7/44      AC:  1    Str: 10    XL:     7   Next: 38%
Magic:  11/11      EV: 14    Int: 15    God:    Nemelex Xobeh [......]
Gold:   287        SH:  0    Dex: 14    Spells: 2/12 levels left

rFire    . . .     SeeInvis .   o - +2 spear (pierce)
rCold    . . .     Gourm    .   (no shield)
rNeg     . . .     Faith    .   (helmet restricted)
rPois    .         Spirit   .   (no amulet)
rElec    .         Reflect  .   (no ring)
rCorr    .         Harm     .   (no ring)
MR       .....                  (no ring)
Stlth    ++++......             (no ring)
HPRegen  0.14/turn              (no ring)
MPRegen  0.12/turn              (no ring)
                                (no ring)
                                (no ring)

@: no status effects
A: almost no armour, stealthy swim, amphibious, 8 rings, constrict 8, camouflage
1, gelatinous body 1
a: Draw Escape, Draw Destruction, Draw Summoning, Renounce Religion


You were on level 4 of the Dungeon.
You worshipped Nemelex Xobeh.
Nemelex Xobeh was noncommittal.
You were very hungry.

You visited 1 branch of the dungeon, and saw 4 of its levels.

You collected 287 gold pieces.

Inventory:

Hand Weapons
 o - a +2 spear of piercing (weapon)
Missiles
 i - 81 stones (quivered)
Scrolls
 g - 2 scrolls of magic mapping
 m - 3 scrolls of remove curse
Potions
 b - a potion of magic
 e - a potion of haste
 f - 3 potions of curing
 h - a potion of berserk rage
 j - a potion of cancellation {unknown}
 k - a potion of degeneration {unknown}
 l - a potion of brilliance {unknown}
 n - a potion of resistance
 p - 2 potions of flight {unknown}
 r - a potion of ambrosia {unknown}
Comestibles
 c - 9 rations


   Skills:
 + Level 1.9 Fighting
 + Level 2.0 Polearms
 + Level 0.4 Throwing
 + Level 3.4 Dodging
 + Level 5.0 Stealth
 + Level 4.7 Unarmed Combat
 + Level 3.0 Spellcasting
 + Level 3.2 Transmutations


You had 2 spell levels left.
You knew the following spells:

 Your Spells              Type           Power        Failure   Level  Hunger
a - Beastly Appendage     Tmut           ##....       5%          1    #......
b - Sticks to Snakes      Tmut           ##......     9%          2    ##.....
c - Spider Form           Tmut/Pois      #.........   30%         3    ###....
d - Ice Form              Ice/Tmut       #.......     71%         4    #####..

Your spell library contained the following spells:

 Spells                   Type           Power        Failure   Level  Hunger
 Blade Hands              Tmut           ##........   83%         5    ######.


Dungeon Overview and Level Annotations

Branches:
Dungeon (4/15)
 Temple: D:4-7

Altars:
Fedhas
Nemelex Xobeh


Innate Abilities, Weirdness & Mutations

You cannot wear most types of armour.
You are very stealthy in the water. (Stealth+)
You are amphibious.
You can wear up to eight rings at the same time.
You can use your tentacles to constrict eight enemies at once.
Your skin changes colour to match your surroundings (Stealth+).
Your rubbery body absorbs attacks. (AC +1, EV +1)


Message History

You hit the ice beast.
The ice beast is severely wounded.
The ice beast barely misses you.
You closely miss the ice beast.
The ice beast is severely wounded.
The ice beast barely misses you.
You hit the ice beast but do no damage. You squeeze the ice beast.
The ice beast is severely wounded.
The ice beast barely misses you.
You hit the ice beast.
The ice beast is almost dead.
The ice beast hits you. The ice beast freezes you!
* * * LOW HITPOINT WARNING * * *
You hit the ice beast but do no damage.
The ice beast is almost dead.
The ice beast hits you.
* * * LOW HITPOINT WARNING * * *
The ice beast freezes you!
You die...
Your body disappears without a glow.

############.###.#
..##.#.........).#
####.#.######.##.##
.....#.# #......# #
.).....# #...#..##.
.###########...#...).
.##### #....#..#..##.
.....#
#....##.#..##!###
.....#
#........@Y......
.....#
###.....%..##.###
.....# #........#
....># #......[.....
.....# #.....$.##....
###### .......#>#
..?. ....####### ...
..... ### .....


You could see an ice beast.

Vanquished Creatures
  A phantom (D:4)
  A gnoll sergeant (D:3)
  Natasha (thrice) (D:2)
  An orc wizard (D:3)
  7 adders
  10 gnolls
  4 oozes (D:2)
  4 worms
  3 dart slugs
  4 leopard geckos
  6 orcs (D:3)
  10 bats
  6 giant cockroaches
  16 goblins
  11 hobgoblins
  9 jackals
  A quokka (D:3)
  A ball python (D:4)
  6 frilled lizards
  8 kobolds
  6 rats
118 creatures vanquished.

Vanquished Creatures (collateral kills)
  Robin (D:2)
  4 gnolls
  2 hobgoblins (D:2)
  A goblin (D:2)
8 creatures vanquished.

Grand Total: 126 creatures vanquished

Notes
Turn   | Place    | Note
-------+----------+-------------------------------------------
     0 | D:1      | Duke the Octopode Transmuter began the quest for the Orb.
     0 | D:1      | Reached XP level 1. HP: 13/13 MP: 3/3
   283 | D:1      | Reached XP level 2. HP: 15/18 MP: 5/5
   528 | D:1      | Reached skill level 1 in Stealth
   528 | D:1      | Reached XP level 3. HP: 18/23 MP: 6/6
  1175 | D:2      | Learned a level 2 spell: Sticks to Snakes
  1179 | D:2      | Learned a level 3 spell: Spider Form
  1189 | D:2      | Found a faded altar of an unknown god.
  1331 | D:2      | Noticed Natasha
  1341 | D:2      | Killed Natasha
  1341 | D:2      | Reached skill level 2 in Stealth
  1341 | D:2      | Reached XP level 4. HP: 21/28 MP: 1/7
  1419 | D:2      | Noticed Natasha
  1430 | D:2      | Killed Natasha
  1449 | D:2      | Noticed Natasha
  1459 | D:2      | Killed Natasha
  1459 | D:2      | Reached skill level 3 in Stealth
  1812 | D:2      | Reached XP level 5. HP: 30/33 MP: 2/8
  2418 | D:2      | Noticed Robin
  2452 | D:2      | Killed Robin
  2683 | D:2      | Reached XP level 6. HP: 25/38 MP: 7/9
  3391 | D:3      | Found a sparkling altar of Nemelex Xobeh.
  4192 | D:3      | Reached skill level 4 in Stealth
  4566 | D:3      | Found a blossoming altar of Fedhas.
  5194 | D:3      | Reached skill level 1 in Polearms
  5606 | D:3      | Reached XP level 7. HP: 4/43 MP: 9/11
  6167 | D:3      | Became a worshipper of Nemelex Xobeh the Trickster
  6194 | D:4      | Learned a level 4 spell: Ice Form
  6218 | D:4      | Received a gift from Nemelex Xobeh
  6249 | D:4      | Reached skill level 5 in Stealth
  6465 | D:4      | Mangled by an ice beast

Skill      XL: |  1  2  3  4  5  6  7 |
---------------+----------------------+-----
Stealth        | 1 2 3 4 5 |  5.0
Unarmed Combat | 4 |  4.7
Transmutations | 3 |  3.2
Dodging        | 3 |  3.4
Polearms       | 1 2 |  2.0
Spellcasting   | 3 |  3.0
Fighting       | |  1.9
Throwing       | |  0.4

Action                   |  1- 3 |  4- 6 |  7- 9 || total
-------------------------+-------+-------+-------++-------
Melee: Unarmed           |    62 |   111 |     8 ||   181
       Constrict         |    19 |    40 |     2 ||    61
       Tentacles         |     5 |    31 |     2 ||    38
       Kick              |     3 |    14 |       ||    17
       Punch             |     1 |     3 |       ||     4
       Spear             |       |   106 |    30 ||   136
Throw: Stone             |     4 |    10 |       ||    14
 Cast: Sticks to Snakes  |     2 |    28 |       ||    30
       Beastly Appendage |     2 |     9 |       ||    11
 Abil: Draw Destruction  |       |       |     1 ||     1
  Use: Scroll            |     7 |     6 |       ||    13
       Potion            |       |     1 |       ||     1
 Stab: Sleeping          |     5 |    18 |     2 ||    25
       Distracted        |     2 |       |       ||     2
  Eat: Chunk             |     1 |    14 |       ||    15
       Ration            |       |     1 |       ||     1
Armor: Skin              |     6 |    11 |     3 ||    20
Dodge: Dodged            |    36 |   143 |    17 ||   196
